 Dungeon Crawl Stone Soup version 0.22-a0-412-g2b68d14 (webtiles) character file.

167 Borgoz the Skirmisher (level 5, -5/33 HPs)
             Began as a Gargoyle Abyssal Knight on May 12, 2018.
             Was a Believer of Lugonu.
             Slain by an iguana (11 damage)
             ... on level 4 of the Dungeon.
             The game lasted 00:04:23 (2924 turns).

Borgoz the Skirmisher (Gargoyle Abyssal Knight)     Turns: 2924, Time: 00:04:23

Health: -5/33      AC:  7    Str: 16    XL:     5   Next: 48%
Magic:  6/6        EV: 12    Int: 12    God:    Lugonu [**....]
Gold:   194        SH:  0    Dex: 10    Spells: 4/4 levels left

rFire    . . .     SeeInvis .   a - +1 hand axe
rCold    . . .     Gourm    .   (no shield)
rNeg     + . .     Faith    .   b - +0 leather armour
rPois    ∞         Spirit   .   (no helmet)
rElec    +         Reflect  .   d - scarf {cloud immunity}
rCorr    .         Harm     .   (no gloves)
MR       .....                  (no boots)
Stlth    +.........             (no amulet)
HPRegen  0.11/turn              (no ring)
MPRegen  0.10/turn              (no ring)

@: no status effects
A: negative energy resistance 1, electricity resistance, unbreathing,
petrification resistance, rot immunity, AC +4
a: Depart the Abyss, Bend Space, Renounce Religion


You were on level 4 of the Dungeon.
You worshipped Lugonu.
Lugonu was pleased with you.
You were hungry.

You visited 1 branch of the dungeon, and saw 4 of its levels.
You visited the Abyss 1 time.

You collected 194 gold pieces.

Inventory:

Hand Weapons
 a - a +1 hand axe (weapon)
Armour
 b - a +0 leather armour (worn)
 d - a scarf of cloud immunity (worn)
Jewellery
 p - an uncursed ring of ice
Wands
 q - a wand of paralysis (15)
Scrolls
 e - 3 scrolls of teleportation {unknown}
 f - 2 scrolls of enchant weapon {unknown}
 h - 3 scrolls of identify {unknown}
 j - 2 scrolls of magic mapping {unknown}
 k - 2 scrolls of remove curse {unknown}
 l - 2 scrolls of amnesia {unknown}
 o - a scroll of immolation {unknown}
Potions
 g - a potion of cancellation {unknown}
 i - 2 potions of ambrosia {unknown}
 m - a potion of agility {unknown}
 n - a potion of curing {unknown}
 r - a potion of heal wounds {unknown}
Comestibles
 c - 5 rations


   Skills:
 + Level 4.2 Fighting
 + Level 3.1 Axes
 + Level 3.2 Armour
 + Level 1.9 Dodging
 + Level 0.8 Stealth
 + Level 2.1 Invocations


You had 4 spell levels left.
You didn't know any spells.
Your spell library contained the following spells:

 Spells                   Type           Power        Failure   Level  Hunger
 Confuse                  Hex            #.......     75%         3    ####...
 Confusing Touch          Hex            #.....       36%         1    ##.....
 Metabolic Englaciation   Hex/Ice        #.........   100%        5    ######.
 Petrify                  Tmut/Erth      #.......     98%         4    #####..
 Gell's Gravitas          Tloc           #.........   75%         3    ####...
 Yara's Violent Unravell  Hex/Tmut       #.........   100%        5    ######.


Dungeon Overview and Level Annotations

Branches:
Dungeon (4/15)
 Temple: D:4-7

Altars:
Dithmenos
Gozag
Kikubaaqudgha

Shops:
D:3 *

Annotations:
D:4 Robin


Innate Abilities, Weirdness & Mutations

You are resistant to torment.
Your stone body is resilient. (AC +4)
You are immune to poison.
You resist negative energy. (rN+)
You are resistant to electric shocks. (rElec)
You can survive without breathing.
You are immune to petrification.
You are immune to rotting.


Message History

You kill the goblin!
Lugonu accepts your kill.
You hit the goblin but do no damage. You hit the goblin. x2
You kill the goblin!
Lugonu accepts your kill. The goblin hits you but does no damage.
Robin throws the goblin at you! The hobgoblin hits you with a club.
The goblin hits you but does no damage.
The iguana hisses menacingly.
The iguana bites you.
* * * LOW HITPOINT WARNING * * *
The goblin hits you with a club.
* * * LOW HITPOINT WARNING * * *
You hit the goblin.
You kill the goblin!
Lugonu accepts your kill.
You hit the hobgoblin but do no damage. You hit the iguana but do no damage.
You closely miss the goblin. You barely miss the goblin.
Robin hits you but does no damage. The goblin completely misses you.
The hobgoblin barely misses you. The iguana bites you!
You die...

...
.#.....####.
#.# ..##
##.##### #.
#.?. ...# #..#
#. ..(.## #..
##.## #.
..#... #.##..#
#. ......#
#..#.## #.
....... #...#
#.
.....ag###..##
..
.....gl@†...#
....rggg###.#
.....ooo# #.#
#..[.ooo. #..
.._...... ....
.....$....###.
.......... .#
..⌠.._.....


You could see an iguana, a worker ant, Robin, 6 orcs, a quokka, 2 hobgoblins and
2 goblins.

Vanquished Creatures
  A worker ant (D:4)
  7 adders
  A leopard gecko (D:1)
  An orc (D:3)
  17 goblins
  6 hobgoblins
  11 jackals
  4 quokkas
  A ball python (D:1)
  10 bats
  3 frilled lizards
  8 kobolds
  5 rats
75 creatures vanquished.

Notes
Turn   | Place    | Note
-------+----------+-------------------------------------------
     0 | Abyss:1  | Borgoz the Gargoyle Abyssal Knight began the quest for the Orb.
     0 | Abyss:1  | Reached XP level 1. HP: 14/14 MP: 2/2
    31 | Abyss:1  | Noticed a chaos spawn
    32 | Abyss:1  | Noticed a large abomination
    33 | D:1      | Escaped the Abyss
   139 | D:1      | Reached XP level 2. HP: 11/19 MP: 3/3
   250 | D:1      | Reached * piety under Lugonu
   607 | D:1      | Reached XP level 3. HP: 17/24 MP: 4/4
   702 | D:1      | Reached skill level 1 in Dodging
  1306 | D:2      | Reached XP level 4. HP: 27/29 MP: 5/5
  1584 | D:2      | Reached skill level 4 in Fighting
  1584 | D:2      | Reached ** piety under Lugonu
  1944 | D:3      | Found an opulent altar of Gozag.
  1946 | D:3      | Found Gozag's Platinum Reserve.
  2214 | D:3      | Reached XP level 5. HP: 30/33 MP: 6/6
  2913 | D:4      | Found a shadowy altar of Dithmenos.
  2914 | D:4      | Found an ancient bone altar of Kikubaaqudgha.
  2914 | D:4      | Noticed Robin
  2924 | D:4      | Slain by an iguana

Vault maps used:
D:1:      tarquinn_simple_flora_water_b
D:2:      hangedman_decor_slide_cut, patterned_corridor
D:3:      first_ration, nicolae_gozag_zags_fifth_avenue
D:4:      grunt_temple_overflow_open, serial_shops, shop, uniq_purgy, uniq_robin

Skill      XL: |  1  2  3  4  5 |
---------------+----------------+-----
Axes           | 2 3 |  3.1
Dodging        | 1 |  1.9
Fighting       | 4 |  4.2
Armour         | 3 |  3.2
Stealth        | |  0.8
Invocations    | |  2.1

Action                   |  1- 3 |  4- 6 || total
-------------------------+-------+-------++-------
Melee: Hand axe          |   113 |   149 ||   262
Invok: Depart the Abyss  |     1 |       ||     1
 Stab: Sleeping          |       |     1 ||     1
  Eat: Chunk             |     1 |     5 ||     6
Armor: Leather armour    |    63 |    84 ||   147
Dodge: Dodged            |   100 |   108 ||   208

Table legend:
 A = Spawn XP
 B = Non-spawn XP
 C = Spawn XP percentage of total XP
 D = Spawn monster count
 E = Non-spawn monster count
 F = Spawn count percentage of total count
 G = Total turns spent on level
                    A         B        C        D         E        F      G
               +---------+---------+-------+---------+---------+-------+---------
         Total |       0 |     239 |   0.0 |       0 |      75 |   0.0 |  2924
               +---------+---------+-------+---------+---------+-------+---------
           D:1 |       0 |      44 |   0.0 |       0 |      27 |   0.0 |   915
           D:2 |       0 |      86 |   0.0 |       0 |      23 |   0.0 |   954
           D:3 |       0 |      49 |   0.0 |       0 |      15 |   0.0 |   778
           D:4 |       0 |      60 |   0.0 |       0 |      10 |   0.0 |   244
               +---------+---------+-------+---------+---------+-------+---------
